 Dungeon Crawl Stone Soup version 0.26.0-45-g9c1d065592 (webtiles) character file.

Game seed: 9623924357763858284

3761 kaeus the Covert (level 10, -2/71 HPs)
             Began as an Octopode Monk on Jan 28, 2021.
             Was a Priest of Dithmenos.
             Slain by an orc warrior
             ... wielding a +0 short sword
              (22 damage)
             ... on level 9 of the Dungeon.
             The game lasted 00:10:06 (9653 turns).

kaeus the Covert (Octopode Monk)                    Turns: 9653, Time: 00:10:06

Health: -2/71      AC:  1    Str: 11    XL:     10   Next: 15%
Magic:  10/10      EV: 18    Int: 12    God:    Dithmenos [***...]
Gold:   129        SH:  0    Dex: 18    Spells: 9/9 levels left

rFire    + . .     SeeInvis .   h - +9 rapier
rCold    . . .     Faith    .   (no shield)
rNeg     . . .     Spirit   .   (helmet restricted)
rPois    .         Reflect  .   a - amulet of the acrobat
rElec    .         Harm     .   e - ring of protection from fire
rCorr    .         Rampage  .   c - ring of stealth
Will     .....                  (no ring)
Stlth    ++++++++++             (no ring)
HPRegen  0.21/turn              (no ring)
MPRegen  0.12/turn              (no ring)
                                (no ring)
                                (no ring)

@: wreathed by umbra
A: almost no armour, stealthy swim, amphibious, 8 rings, constrict 8, camouflage
1, gelatinous body 1
a: Renounce Religion, Shadow Step


You were on level 9 of the Dungeon.
You worshipped Dithmenos.
Dithmenos was most pleased with you.
You visited 2 branches of the dungeon, and saw 10 of its levels.

You collected 399 gold pieces.
You spent 270 gold pieces at shops.

Inventory:

Hand Weapons
 h - a +9 rapier (weapon)
 n - a +2 dagger of freezing
 t - a +1 dagger of venom
Jewellery
 a - an amulet of the acrobat (around mantle)
 c - a ring of stealth (right tentacle)
 e - a ring of protection from fire (left tentacle)
Wands
 i - a wand of acid (6)
 l - a wand of polymorph (9)
 u - a wand of enslavement (6)
Scrolls
 b - 4 scrolls of teleportation
 d - 6 scrolls of remove curse
 p - 2 scrolls of enchant weapon
 r - a scroll of identify
Potions
 f - a potion of flight {unknown}
 g - a potion of resistance {unknown}
 j - 3 potions of attraction
 k - a potion of might {unknown}
 m - a potion of cancellation
 o - a potion of lignification {unknown}
 q - a potion of mutation {unknown}
 s - a potion of ambrosia {unknown}
 v - a potion of curing
 w - a potion of invisibility {unknown}


   Skills:
 + Level 7.1 Fighting
 + Level 7.1 Short Blades
 + Level 7.1 Dodging
 * Level 12.7 Stealth


You had 9 spell levels left.
You didn't know any spells.
Your spell library contained the following spells:

 Spells                   Type           Power        Failure   Level
 Magic Dart               Conj           0%           32%         1
 Blink                    Tloc           N/A          45%         2
 Call Imp                 Summ           0%           45%         2
 Slow                     Hex            0%           45%         2
 Conjure Flame            Conj/Fire      0%           69%         3
 Mephitic Cloud           Conj/Pois/Air  0%           69%         3


Dungeon Overview and Level Annotations

Branches:
Dungeon (9/15)             Temple (1/1) D:7
   Lair: D:8-11         Orc: D:9-12

Altars:
Ashenzari
Cheibriados
Dithmenos
Elyvilon
Fedhas
Gozag
Hepliaklqana
Kikubaaqudgha
Makhleb
Nemelex Xobeh
Okawaru
Qazlal
Ru
Sif Muna
Trog
Uskayaw
Vehumet
Wu Jian
Xom
Zin
The Shining One

Shops:
D:7 ?

Annotations:
D:3 1 runed translucent door, Figureslego113's ghost, amateur OgAK


Innate Abilities, Weirdness & Mutations

You cannot wear most types of armour.
You are very stealthy in the water. (Stealth+)
You are amphibious.
You can wear up to eight rings at the same time.
You can use your tentacles to constrict eight enemies at once.
Your skin changes colour to match your surroundings (Stealth+).
Your rubbery body absorbs attacks. (AC +1, EV +1)


Message History

The orc warrior completely misses you.
The orc priest hits you but does no damage.
You hit the orc priest.
The orc priest is almost dead.
You constrict the orc warrior.
You constrict the orc priest, but do no damage.
The orc warrior closely misses you.
The orc priest hits you but does no damage.
You puncture the orc priest!
You kill the orc priest!
Dithmenos accepts your kill.
You constrict the orc warrior.
The orc warrior hits you with a +0 short sword.
* * * LOW HITPOINT WARNING * * *
You take 5 damage, and have 20/71 hp.
You barely miss the orc warrior.
The orc warrior is severely wounded.
You constrict the orc warrior.
The orc warrior hits you with a +0 short sword!!
You die...

#).#...##...........
#.##..####...........
. #.
##.#..#...........
#.# #
#†.###...........
...#.
#.).##..........<
#..##.####...........
#...# ############
#..#o## .... #@# .#.
#o#...# ..


.gg .#..... # #... ## .#.. #... # ##.# ## You could see 2 orc warriors and 2
goblins.

Vanquished Creatures
  Grinder (D:3)
  Sigmund (D:2)
  A wyvern (D:9)
  2 orc warriors (D:8)
  3 sky beasts
  2 ice beasts
  2 black bears
  A necrophage (D:6)
  5 ogres
  A centaur (D:7)
  3 bullfrogs (D:6)
  4 scorpions
  5 wights (D:7)
  2 howler monkeys (D:7)
  A centaur zombie (D:8)
  2 quasits
  A centaur skeleton (D:4)
  6 orc priests
  Crazy Yiuf (D:7)
  2 hounds
  6 orc wizards
  A gnoll shaman (D:7)
  2 bullfrog skeletons
  2 iguanas (D:8)
  Terence (D:2)
  5 worker ants
  A hound zombie (D:7)
  11 gnolls
  7 adders
  A white imp (D:7)
  2 adder skeletons
  2 worms
  3 dart slugs
  3 leopard geckos
  42 orcs
  6 bats
  5 giant cockroaches
  9 goblins
  10 hobgoblins
  8 jackals
  3 quokkas
  A ball python (D:3)
  3 frilled lizards
  8 kobolds
  A leopard gecko skeleton (D:5)
  6 rats
195 creatures vanquished.

Vanquished Creatures (others)
  A worm (D:2)
1 creature vanquished.

Grand Total: 196 creatures vanquished

Notes
Turn   | Place    | Note
-------+----------+-------------------------------------------
     0 | D:1      | kaeus the Octopode Monk began the quest for the Orb.
     0 | D:1      | Reached XP level 1. HP: 16/16 MP: 1/1
    85 | D:1      | Reached skill level 3 in Stealth
   194 | D:1      | Reached XP level 2. HP: 21/21 MP: 2/2
   444 | D:1      | HP: 1/21 [rat (2)]
   811 | D:1      | Reached XP level 3. HP: 24/26 MP: 3/3
  1060 | D:2      | Noticed Sigmund
  1070 | D:2      | Killed Sigmund
  1071 | D:2      | Reached skill level 5 in Stealth
  1071 | D:2      | Reached XP level 4. HP: 20/33 MP: 4/4
  1071 | D:2      | Reached XP level 5. HP: 23/37 MP: 5/5
  1267 | D:2      | Noticed Terence
  1289 | D:2      | Killed Terence
  1487 | D:2      | Reached XP level 6. HP: 43/43 MP: 6/6
  1527 | D:2      | Found a radiant altar of Vehumet.
  2095 | D:3      | Reached skill level 6 in Stealth
  2459 | D:3      | Noticed Grinder
  2467 | D:3      | Killed Grinder
  2468 | D:3      | Reached skill level 7 in Stealth
  2468 | D:3      | Reached XP level 7. HP: 34/49 MP: 7/7
  2673 | D:3      | Found a sacrificial altar of Ru.
  2808 | D:3      | Found a broken altar of Ashenzari.
  2902 | D:3      | Found a runed translucent door.
  2906 | D:3      | Noticed Figureslego113's ghost (amateur OgAK)
  2942 | D:3      | Found a bloodstained altar of Trog.
  3415 | D:4      | Reached skill level 8 in Stealth
  3592 | D:4      | Reached XP level 8. HP: 45/54 MP: 8/8
  3972 | D:4      | Reached skill level 5 in Short Blades
  3972 | D:4      | Reached skill level 5 in Dodging
  3974 | D:4      | Reached skill level 5 in Fighting
  4097 | D:4      | Found a hazy altar of Hepliaklqana.
  4111 | D:5      | Entered Level 5 of the Dungeon
  4888 | D:5      | Found an ornate altar of the Wu Jian Council.
  5116 | D:6      | Reached skill level 9 in Stealth
  6504 | D:7      | Found a staircase to the Ecumenical Temple.
  6533 | Temple   | Entered the Ecumenical Temple
  6620 | Temple   | Became a worshipper of Dithmenos the Shadowed
  6620 | Temple   | Reached * piety under Dithmenos
  6620 | Temple   | Reached ** piety under Dithmenos
  6643 | D:7      | Reached skill level 10 in Stealth
  6952 | D:7      | Reached XP level 9. HP: 62/62 MP: 9/9
  7171 | D:7      | Found Wuty's Magic Scroll Shop.
  7195 | D:7      | Bought a scroll of enchant weapon for 90 gold pieces
  7195 | D:7      | Bought a scroll of enchant weapon for 90 gold pieces
  7195 | D:7      | Bought a scroll of enchant weapon for 90 gold pieces
  7591 | D:7      | Reached skill level 11 in Stealth
  7865 | D:7      | Found a glowing silver altar of Zin.
  7866 | D:7      | Found a sparkling altar of Nemelex Xobeh.
  7912 | D:7      | Found a runed translucent door.
  7913 | D:7      | Noticed Crazy Yiuf
  7982 | D:7      | Killed Crazy Yiuf
  8391 | D:8      | Reached skill level 12 in Stealth
  8651 | D:8      | Noticed a two-headed ogre
  8652 | D:8      | Reached *** piety under Dithmenos
  8673 | D:8      | Reached XP level 10. HP: 40/69 MP: 10/10
  9064 | D:8      | Noticed a two-headed ogre
  9653 | D:9      | Slain by an orc warrior

Illustrated notes

Levels and vault maps discovered:
D:1:      mrwooster_arrival_statue_2, layout_basic
D:2:      layout_loops_ring, fiery_altar_vehumet, uniq_terence, uniq_sigmund
D:3:      layout_basic, lemuel_coloured_pillars_altar,
          nicolae_overflow_hidden_temple, ebering_ghost_sewer_d,
          interstate_on_off, kennysheep_flooded_box,
          minmay_misc_feat_secret_circle, uniq_grinder
D:4:      layout_rooms, kennysheep_mini
D:5:      layout_layer_cave, nzn_wu_jian_council_hall
D:6:      layout_layer_cave
D:7:      layout_cave_pools, gammafunk_temple_overflow_statue, temple_fountains,
          serial_shops, shop_scrolls, uniq_crazy_yiuf_cottage
D:8:      layout_basic, kennysheep_pointless_box,
          eino_small_chamber_without_monster, minmay_pinched_square
D:9:      layout_long_grid, erik_orc_3, minmay_splitting_lines
Temple:   nicolae_temple_great_sept

Skill      XL: |  1  2  3  4  5  6  7  8  9 10 |
---------------+-------------------------------+-----
Stealth        | 3 5 7 8 10 12 | 12.7
Short Blades   | 4 5 6 7 |  7.1
Dodging        | 4 5 6 7 |  7.1
Fighting       | 4 5 6 7 |  7.1

Action                   |  1- 3 |  4- 6 |  7- 9 | 10-12 || total
-------------------------+-------+-------+-------+-------++-------
Melee: Short sword       |    41 |    24 |       |       ||    65
       Constrict         |    12 |    17 |    40 |     7 ||    76
       Tentacles         |     7 |    11 |    35 |     9 ||    62
       Rapier            |       |    53 |   245 |    38 ||   336
  Use: Scroll            |       |     2 |    16 |       ||    18
       Potion            |       |       |     2 |     1 ||     3
 Stab: Sleeping          |    12 |    14 |    32 |     5 ||    63
       Distracted        |       |     1 |     1 |       ||     2
Armor: Skin              |     1 |     4 |     7 |       ||    12
Dodge: Dodged            |    19 |    46 |   180 |    37 ||   282
